 Dungeon Crawl Stone Soup version 0.28-a0-1233-g92def6ad0a (webtiles) character file.

Game seed: 1442636807036919837

17647 Grim the Fighter (level 12, -1/140 HPs)
             Began as an Ogre Monk on Dec 23, 2021.
             Was an Elder of the Shining One.
             Slain by a meliai (8 damage)
             ... on level 13 of the Dungeon.
             The game lasted 00:27:06 (19357 turns).

Grim the Fighter (Ogre Monk)                       Turns: 19357, Time: 00:27:07

Health: -1/140     AC: 11    Str: 18    XL:     12   Next: 50%
Magic:  13/13      EV: 11    Int: 13    God:    the Shining One [****..]
Gold:   759        SH:  0    Dex: 13    Spells: 11/11 levels left

rFire   . . .      SeeInvis .   t - +0 giant spiked club
rCold   . . .      Faith    .   (shield currently unavailable)
rNeg    + + +      Spirit   .   e - +0 pearl dragon scales
rPois   .          Reflect  .   (helmet restricted)
rElec   .          Harm     .   (no cloak)
rCorr   .          Rampage  .   (gloves unavailable)
Will    +....                   (boots unavailable)
Stlth   ..........              G - amulet of regeneration
HPRegen 1.13/turn               r - +4 ring of evasion
MPRegen 0.13/turn               (no ring)

@: on berserk cooldown, hasted and slowed, glowing
A: large, unfitting armour, tough skin 1, high mp 1, wild magic 1
a: Renounce Religion, Divine Shield, Cleansing Flame


You were on level 13 of the Dungeon.
You worshipped the Shining One.
The Shining One was greatly pleased with you.
You visited 2 branches of the dungeon, and saw 14 of its levels.

You collected 759 gold pieces.

Inventory:

Hand Weapons
 t - a +0 giant spiked club (weapon)
 P - a +3 morningstar
Missiles
 d - 21 boomerangs (quivered)
 n - 60 poisoned darts
 A - 3 throwing nets
Armour
 a - +0 acid dragon scales
 e - +0 pearl dragon scales (worn)
 i - +1 steam dragon scales
 J - a +2 robe of cold resistance
Jewellery
 p - a ring of flight
 r - a +4 ring of evasion (left hand)
 G - an amulet of regeneration (around neck)
 I - a ring of ice
Wands
 b - a wand of mindburst (7)
 j - a wand of iceblast (4)
 C - a wand of paralysis (11)
 F - a wand of flame (8)
Scrolls
 c - 2 scrolls of vulnerability {unknown}
 g - 3 scrolls of magic mapping {unknown}
 k - 3 scrolls of noise {unknown}
 l - a scroll of enchant weapon {unknown}
 o - 3 scrolls of enchant armour {unknown}
 q - a scroll of blinking {unknown}
 s - a scroll of identify
 w - 2 scrolls of immolation {unknown}
 y - 6 scrolls of teleportation {unknown}
 B - 2 scrolls of summoning {unknown}
 H - 2 scrolls of fog {unknown}
 L - a scroll of torment {unknown}
 M - a scroll of holy word {unknown}
 N - 2 scrolls of fear {unknown}
Potions
 f - 2 potions of brilliance
 h - 2 potions of haste
 m - 3 potions of flight
 u - 2 potions of berserk rage
 v - 2 potions of cancellation
 x - 5 potions of attraction
 z - 2 potions of lignification
 E - 3 potions of degeneration {!q}
 O - a potion of might


   Skills:
 + Level 14.9 Fighting
 - Level 14.5 Maces & Flails
 - Level 6.0 Throwing
 - Level 2.6 Dodging
 - Level 1.4 Stealth


You had 11 spell levels left.
You didn't know any spells.
Your spell library contained the following spells:

 Spells                   Type           Power      Damage    Failure   Level
 Freeze                   Ice            0%         1d3       86%         1
 Magic Dart               Conj           0%         1d3       86%         1
 Sandblast                Erth           0%         2d4       86%         1
 Shock                    Conj/Air       0%         1d3       86%         1
 Corpse Rot               Necr/Air       0%         N/A       94%         2
 Passwall                 Tmut/Erth      0%         N/A       94%         2
 Searing Ray              Conj           0%         2d4       94%         2
 Static Discharge         Conj/Air       0%         N/A       94%         2
 Dazzling Flash           Conj/Hex       0%         N/A       99%         3
 Frozen Ramparts          Ice            0%         1d2       99%         3
 Ozocubu's Armour         Ice            0%         N/A       99%         3
 Stone Arrow              Conj/Erth      0%         3d7       99%         3
 Swiftness                Air            0%         N/A       99%         3
 Airstrike                Air            0%         N/A       100%        4
 Animate Dead             Necr           0%         N/A       100%        4
 Dispel Undead            Necr           0%         3d6       100%        4
 Fulminant Prism          Conj/Hex       0%         3d6       100%        4
 Hailstorm                Conj/Ice       0%         3d3       100%        4
 Agony                    Necr           0%         N/A       100%        5
 Borgnjor's Vile Clutch   Necr/Erth      0%         N/A       100%        5
 Lightning Bolt           Conj/Air       0%         1d11      100%        5
 Metabolic Englaciation   Hex/Ice        0%         N/A       100%        5
 Silence                  Hex/Air        0%         N/A       100%        5
 Death Channel            Necr           0%         N/A       100%        6
 Simulacrum               Ice/Necr       0%         N/A       100%        6
 Maxwell's Capacitive Co  Air            0%         ∞         100%        8


Dungeon Overview and Level Annotations

Branches:
Dungeon (13/15)            Temple (1/1) D:7            Lair (0/6) D:8
    Orc: D:9-12      Vaults: D:13-14

Altars:
Ashenzari
Cheibriados
Makhleb
Yredelemnul
The Shining One

Annotations:
D:10 exclusion: 2 oklob saplings


Innate Abilities, Weirdness & Mutations

You are too large for most types of armour.
You have tough skin. (AC +1)
You have an increased reservoir of magic. (+10% MP)
Your spells are a little harder to cast, but a little more powerful.


Message History

The meliai barely misses you.
The meliai calls down the wrath of its god upon you.
Something smites you!
* * * LOW HITPOINT WARNING * * *
You stick the meliai like a pincushion!!!
You kill the meliai!
The Shining One accepts your kill.
You feel better.
You feel sick.
The meliai enters a dispersal trap!
You blink.
The meliai blinks!
Unknown command.
You are too berserk!
You feel sick.
You feel a strong urge to attack something.
You feel sick.
You feel sick.
You feel your anger nearly subside.
You are no longer berserk.
You are exhausted.
You feel yourself slow down.
You feel sick.
You feel sick. The meliai hits you but does no damage.
The meliai barely misses you.
Okay, then.
Okay, then.
You feel yourself speed up.
You feel sick.
The meliai hits you with a +0 broad axe.
* * * LOW HITPOINT WARNING * * *
The meliai stings you!
* * * LOW HITPOINT WARNING * * *
The meliai hits you with a +0 broad axe.
* * * LOW HITPOINT WARNING * * *
The meliai stings you.
* * * LOW HITPOINT WARNING * * *
The meliai hits you with a +0 broad axe.
* * * LOW HITPOINT WARNING * * *
The meliai stings you.
* * * LOW HITPOINT WARNING * * *
You are lethally poisoned!
The meliai poisons you!
You feel better.
The meliai hits you with a +0 broad axe!
You die...

######## ..# # #
##...... ..# #.## #
#.....# ..# #.#.
#.####.....# ..# #..#
#..........####..# ###.
#.)..........#..######
###.###.....##.#$.......
#...(..@..####§§........
#.#.####y.# #§##.#####.
# #..####.# # ##.
#.....#§##. #..
###.........###.#.
#.###..)...#.##.##)##.
#.#...[..))....# ###.#.
#.#####.#..######. #..
#.# #.#..#...... ##.


You could see a meliai.

Vanquished Creatures
  Fannar (D:11)
  A death knight (D:13)
  A wizard (D:12)
  A deep elf pyromancer (D:12)
  3 ugly things
  A manticore (D:11)
  A cyclops (D:12)
  Joseph (D:7)
  A gargoyle (D:10)
  Maggie (D:6)
  An unseen horror (D:10)
  2 meliai (D:13)
  9 slime creatures
  A hornet (D:13)
  A wraith (D:12)
  2 shadows
  6 yaks
  A wyvern (D:5)
  A steam dragon (D:9)
  Menkaure (D:6)
  3 vampire mosquitoes (D:11)
  5 acid dragons
  2 water moccasins
  5 black bears
  6 orc warriors
  3 ice beasts
  A sky beast (D:8)
  3 necrophages
  2 ogres
  3 centaurs
  A phantom (Temple)
  3 kobold brigands
  Blork the orc (D:5)
  4 gnoll sergeants
  3 bullfrogs
  A wyvern zombie (D:6)
  2 scorpions
  A wyvern skeleton (D:7)
  6 killer bees
  8 howler monkeys
  A vampire bat (D:3)
  A bullfrog zombie (D:6)
  7 centaur zombies
  A jelly (D:5)
  10 orc priests
  2 gnoll shamans
  10 hounds
  3 iguanas
  15 orc wizards
  A killer bee zombie (D:9)
  2 hound skeletons (D:4)
  A howler monkey skeleton (D:7)
  9 adders
  27 gnolls
  3 white imps
  A worm (D:3)
  3 dart slugs
  3 fire bats (D:3)
  47 orcs
  2 spectral bats (D:3)
  14 bats
  3 bat skeletons (D:3)
  A bat zombie (D:3)
  4 endoplasms
  5 giant cockroaches
  8 goblins
  6 hobgoblins
  5 jackals
  56 kobolds
  2 quokkas
  15 ball pythons
  A bat simulacrum (D:3)
  A frilled lizard (D:1)
  A quokka skeleton (D:4)
  7 rats
378 creatures vanquished.

Vanquished Creatures (others)
  9 fungi (D:8)
  14 plants
23 creatures vanquished.

Grand Total: 401 creatures vanquished

Notes
Turn   | Place    | Note
-------+----------+-------------------------------------------
     0 | D:1      | Grim the Ogre Monk began the quest for the Orb.
     0 | D:1      | Reached XP level 1. HP: 24/24 MP: 1/1
   221 | D:1      | Reached XP level 2. HP: 30/32 MP: 2/2
   827 | D:1      | Reached XP level 3. HP: 40/40 MP: 3/3
  2028 | D:2      | Reached skill level 5 in Fighting
  2028 | D:2      | Reached XP level 4. HP: 43/50 MP: 4/4
  2410 | D:3      | Reached XP level 5. HP: 56/57 MP: 5/5
  2498 | D:3      | Found a faded altar of an unknown god.
  2612 | D:3      | Noticed a kobold brigand
  2900 | D:3      | Killed a kobold brigand
  2994 | D:3      | Reached skill level 5 in Maces & Flails
  3047 | D:3      | Reached XP level 6. HP: 67/67 MP: 6/6
  3641 | D:3      | Reached XP level 7. HP: 39/76 MP: 7/7
  5934 | D:5      | Entered Level 5 of the Dungeon
  6292 | D:4      | Reached XP level 8. HP: 74/84 MP: 8/8
  6790 | D:5      | Noticed Blork the orc
  7273 | D:5      | Killed Blork the orc
  7321 | D:5      | HP: 1/84 [orc priest (7)]
  7826 | D:5      | Noticed a wyvern
  7840 | D:5      | Killed a wyvern
  8066 | D:5      | Reached skill level 10 in Maces & Flails
  8066 | D:5      | Reached XP level 9. HP: 71/92 MP: 9/9
  8233 | D:6      | Noticed Menkaure
  8776 | D:6      | Killed Menkaure
 10384 | D:6      | Noticed Maggie
 10397 | D:6      | Killed Maggie
 10703 | D:6      | Reached XP level 10. HP: 100/100 MP: 10/10
 11225 | D:7      | Noticed Joseph
 11243 | D:7      | Killed Joseph
 12219 | D:7      | Found a staircase to the Ecumenical Temple.
 12228 | Temple   | Entered the Ecumenical Temple
 12247 | Temple   | Became a worshipper of the Shining One
 12247 | Temple   | Reached * piety under the Shining One
 12247 | Temple   | Reached ** piety under the Shining One
 12550 | D:7      | Found a basalt altar of Yredelemnul.
 12599 | D:8      | Noticed a purple ugly thing
 12613 | D:8      | Killed a purple ugly thing
 13789 | D:8      | Found a staircase to the Lair.
 14163 | D:9      | Reached XP level 11. HP: 107/107 MP: 11/11
 14174 | D:9      | Reached skill level 1 in Throwing
 15043 | D:10     | Entered Level 10 of the Dungeon
 15094 | D:10     | Reached *** piety under the Shining One
 16136 | D:11     | Noticed a cyan ugly thing
 16141 | D:11     | Killed a cyan ugly thing
 16142 | D:11     | Reached skill level 5 in Throwing
 16339 | D:11     | Noticed a manticore
 16347 | D:11     | Killed a manticore
 16692 | D:11     | Reached skill level 10 in Fighting
 16925 | D:11     | Noticed Fannar
 16937 | D:11     | Killed Fannar
 17610 | D:12     | Noticed a deep elf pyromancer
 17628 | D:12     | Killed a deep elf pyromancer
 17629 | D:12     | Reached XP level 12. HP: 127/132 MP: 12/12
 18956 | D:13     | Noticed a death knight
 18962 | D:13     | Killed a death knight
 19108 | D:13     | Gained mutation: Your spells are a little harder to cast,
                  | but a little more powerful. [potion of mutation]
 19108 | D:13     | Gained mutation: You have an increased reservoir of magic.
                  | (+10% MP) [potion of mutation]
 19340 | D:13     | Reached **** piety under the Shining One
 19356 | D:13     | HP: 7/140 [meliai (5)]
 19356 | D:13     | HP: 1/140 [meliai (4)]
 19357 | D:13     | Slain by a meliai

Illustrated notes

Levels and vault maps discovered:
D:1:      dpeg_arrival_three_same_balls, layout_basic, minmay_hexomino_f4
D:2:      layout_basic
D:3:      minmay_goblin_kobold_castle, layout_basic,
          shapermc_ecumenical_altar_pompeii, goddamned_bats
D:4:      layout_loops_ring, grunt_decor_fettered, serial_bayou_pond_a,
          roderic_lattice_a
D:5:      layout_loops_ring, uniq_blork_the_orc
D:6:      layout_cave_pools, serial_gnoll_camp, gnoll_camp_mini_sergeant,
          gnoll_camp_medium_02, gnoll_camp_mini_loothouse, gnoll_camp_mini_hut,
          gnoll_camp_mini_hut, minmay_misc_feat_roman, uniq_maggie,
          uniq_menkaure
D:7:      layout_loops_ring, mainiacjoe_overflow_alcove_1,
          minmay_temple_entry_mini_moons, uniq_joseph
D:8:      layout_basic, grunt_lair_entry_orc_guard_hut, minmay_crossroads
D:9:      layout_loops_ring
D:10:     layout_rooms, orc_0_dummy, introduction_to_nature_1
D:11:     layout_loops_ring, minmay_misc_feat_plants, uniq_fannar
D:12:     layout_long_grid, minmay_librarian
D:13:     layout_loops_ring, chei_slow_surprise
Temple:   regret_index_temple_sigil_plot

Skill      XL: |  1  2  3  4  5  6  7  8  9 10 11 12 |
---------------+-------------------------------------+-----
Maces & Flails | 3 4 5 6 7 10 12 14 | 14.5
Fighting       | 5 6 11 14 | 14.9
Throwing       | 6 |  6.0
Dodging        | |  2.6
Stealth        | |  1.4

Action                   |  1- 3 |  4- 6 |  7- 9 | 10-12 || total
-------------------------+-------+-------+-------+-------++-------
Melee: Mace              |    83 |   175 |       |       ||   258
       Giant spiked club |       |    25 |   460 |   419 ||   904
       Morningstar       |       |       |   102 |    19 ||   121
Throw: Boomerang         |       |       |    17 |    14 ||    31
       Dart              |       |       |    10 |       ||    10
Evoke: Wand              |       |       |       |     1 ||     1
  Use: Potion            |       |       |     4 |     8 ||    12
       Scroll            |       |       |     2 |     7 ||     9
 Stab: Sleeping          |     1 |       |       |       ||     1
       Invisible         |       |       |     6 |       ||     6
Armor: Pearl dragon scal |    36 |   201 |   395 |   252 ||   884
Dodge: Dodged            |    32 |   208 |   495 |   289 ||  1024

Table legend: (Time is in decaauts)
 A = Elapsed time spent in this place.
 B = Non-inter-level travel time spent in this place.
 C = Inter-level travel time spent in this place.
 D = Time resting spent in this place.
 E = Time spent auto-exploring this place.
 F = Levels seen in this place.
 G = Mean time per level.
                   A        B        C        D        E       F      G
               +--------+--------+--------+--------+--------+-----+--------+
         Total |  19662 |  19240 |    422 |   7223 |   8482 |  14 | 1404.4 |
       Dungeon |  19635 |  19213 |    422 |   7223 |   8482 |  13 | 1510.4 |
        Temple |     27 |     27 |      0 |      0 |      0 |   1 |   27.0 |
               +--------+--------+--------+--------+--------+-----+--------+

Top non-repeatable levels by time:
     D:5: 3125 daAuts
     D:3: 2100 daAuts
     D:6: 1972 daAuts
     D:4: 1885 daAuts
    D:11: 1865 daAuts
     D:2: 1808 daAuts
     D:8: 1511 daAuts
    D:10: 1087 daAuts
     D:7: 1055 daAuts
    D:12: 1045 daAuts
     D:9: 953 daAuts
     D:1: 892 daAuts
    D:13: 331 daAuts
  Temple: 27 daAuts
